 Dungeon Crawl Stone Soup version 0.30-a0-269-gf0224bf7b6 (webtiles) character file.

Game seed: 506002276159870331

0 hikkokomori the Gusty (level 1, -1/10 HPs)
             Began as a Tengu Air Elementalist on Oct 15, 2022.
             Slain by a kobold
             ... wielding a +1 whip of venom
              (2 damage)
             ... on level 1 of the Dungeon.
             The game lasted 00:00:31 (53 turns).

hikkokomori the Gusty (Tengu Air Elementalist)        Turns: 53, Time: 00:00:31

Health: -1/10      AC:  2    Str:  8    XL:     1   Next: 10%
Magic:  0/4        EV: 12    Int: 15    God:
Gold:   0          SH:  0    Dex: 14    Spells: 3/4 levels left

rFire   . . .      SeeInvis .    (no weapon)
rCold   . . .      Faith    .    (no shield)
rNeg    . . .      Spirit   .    a - +0 robe
rPois   .          Reflect  .    (helmet restricted)
rElec   .          Harm     .    (no cloak)
rCorr   .          Rampage  .    (no gloves)
Will    .....                    (boots unavailable)
Stlth   ++........               (no amulet)
HPRegen 0.21/turn                (no ring)
MPRegen 0.09/turn                (no ring)

@: lethally poisoned (-1 -> -4), very slightly contaminated
A: beak, talons 3
a: no special abilities


You were on level 1 of the Dungeon.
You visited 1 branch of the dungeon, and saw 1 of its levels.

Inventory:

Armour
 a - a +0 robe (worn)
Potions
 b - a potion of magic
 c - a potion of heal wounds {unknown}


   Skills:
 + Level 0.1 Fighting
 - Level 2.1 Dodging
 - Level 2.0 Stealth
 - Level 2.0 Spellcasting
 - Level 1.3 Conjurations
 + Level 4.0 Air Magic


You had 3 spell levels left.
You knew the following spells:

 Your Spells              Type           Power      Damage    Failure   Level
a - Shock                 Conj/Air       36%        1d5       8%          1

Your spell library contained the following spells:

 Spells                   Type           Power      Damage    Failure   Level
 Static Discharge         Conj/Air       18%        2-3/arc   11%         2
 Swiftness                Air            13%        N/A       13%         3
 Airstrike                Air            6%         2d(1-17)  38%         4


Dungeon Overview and Level Annotations

Branches:
Dungeon (1/15)

Altars:


Innate Abilities, Weirdness & Mutations

You have a beak for a mouth.
You have claws for feet.


Message History

You miscast Shock.
Nothing appears to happen.
Casting: Shock (safe; 8% risk of failure)
Confirm with . or Enter, or press ? or * to list all spells.
You don't have enough magic to cast this spell.
Unknown command.
The kobold closely misses you.
You barely miss the kobold. Your kick misses the kobold.
The kobold is severely wounded.
The kobold closely misses you.
You miss the kobold. You claw the kobold, but do no damage.
The kobold is severely wounded.
The kobold barely misses you.
You closely miss the kobold. Your peck misses the kobold.
The kobold is severely wounded.
The kobold hits you with a +1 whip of venom.
You are lethally poisoned!
You closely miss the kobold. You peck the kobold, but do no damage.
The kobold is severely wounded.
You feel very sick. The kobold closely misses you.
You are too injured to fight recklessly!
Unknown command.
* * * LOW HITPOINT WARNING * * *
You feel sick.
Unknown command.
Casting: Shock (safe; 8% risk of failure)
Confirm with . or Enter, or press ? or * to list all spells.
Aiming: Shock (safe; 8% risk of failure)
Press: ? - help, Shift-Dir - straight line, f/p - kobold
Aim: a kobold, wielding a +1 whip of venom and quivering stones (severely wounded, 60% to hit)
The zap misses the kobold.
* * * LOW HITPOINT WARNING * * *
You feel sick. The kobold misses you.
You barely miss the kobold. Your kick misses the kobold.
Your peck misses the kobold.
The kobold is severely wounded.
* * * LOW HITPOINT WARNING * * *
You feel sick.
The kobold hits you with a +1 whip of venom.
You die...

#....$........#
...###..#######
##.###.#
##......#
##.≈≈≈≈≈.###
##.≈...^.≈...
##..≈.....≈§.#
##.≈≈.≈K..≈.≈≈§
#.≈..§@≈.≈.≈..≈
#§≈...≈.≈.§...≈
#§≈...≈≈.≈§...§
#.≈...≈≈_≈≈...≈
#.≈..≈.≈≈≈§≈§§≈
##.≈§§≈≈§§≈§§§.
##.≈..≈§§§§§§#
##.§§≈§§§§.#
##.≈≈.≈≈.


You could see a kobold.

Vanquished Creatures
  A rat (D:1)
1 creature vanquished.

Notes
Turn   | Place    | Note
-------+----------+-------------------------------------------
     0 | D:1      | hikkokomori the Tengu Air Elementalist began the quest for
                  | the Orb.
     0 | D:1      | Reached XP level 1. HP: 10/10 MP: 4/4
    25 | D:1      | Found a faded altar of an unknown god.
    53 | D:1      | Slain by a kobold

Illustrated notes

Levels and vault maps discovered:
D:1:      beargit_arrival_greenhouse, layout_basic,
          shapermc_ecumenical_altar_starsandcircs

Action                   || total
-------------------------++-------
Melee: Unarmed           ||     5
       Kick              ||     1
       Peck              ||     1
 Cast: Shock             ||     4
Dodge: Dodged            ||     5

Table legend: (Time is in decaauts)
 A = Elapsed time spent in this place.
 B = Non-inter-level travel time spent in this place.
 C = Inter-level travel time spent in this place.
 D = Time resting spent in this place.
 E = Time spent auto-exploring this place.
 F = Levels seen in this place.
 G = Mean time per level.
                   A        B        C        D        E       F      G
               +--------+--------+--------+--------+--------+-----+--------+
         Total |     53 |     53 |      0 |      0 |     37 |   1 |   53.0 |
       Dungeon |     53 |     53 |      0 |      0 |     37 |   1 |   53.0 |
               +--------+--------+--------+--------+--------+-----+--------+

Top non-repeatable levels by time:
     D:1: 53 daAuts
